 Dungeon Crawl Stone Soup version 0.22-a0-282-gdd34a7d (webtiles) character file.

7597 Amnesiac the Destroyer (level 11, -2/61 HPs)
             Began as a Tengu Wizard on Mar 17, 2018.
             Was a High Priest of Sif Muna.
             Killed by the air
             ... invoked by Gastronok
              (19 damage)
             ... on level 9 of the Dungeon.
             The game lasted 00:25:21 (12361 turns).

Amnesiac the Destroyer (Tengu Wizard)              Turns: 12361, Time: 00:25:22

Health: -2/61      AC:  4    Str:  8    XL:     11   Next: 17%
Magic:  15/27      EV: 16    Int: 21    God:    Sif Muna [*****.]
Gold:   417        SH:  0    Dex: 17    Spells: 10/33 levels left

rFire    . . .     SeeInvis .   a - +1 dagger (venom)
rCold    . . .     Gourm    .   (no shield)
rNeg     + + +     Faith    .   b - +0 robe of the Sailor {rN++ Dex+4} (curse)
rPois    .         Spirit   .   c - +0 hat
rElec    .         Reflect  .   F - +0 cloak
rCorr    +         Harm     +   g - +0 pair of gloves
MR       +....                  (boots unavailable)
Stlth    ++........             k - amulet of harm
HPRegen  0.20/turn              y - ring of positive energy
MPRegen  0.20/turn              D - ring of resist corrosion

@: slowed, divine energy, very slow
A: beak, talons 3, blink, magic resistance 1, no potion heal 1, able to fly 1
a: Fly, Blink, Stop Divine Energy, Channel Magic, Forget Spell, Renounce
Religion


You were on level 9 of the Dungeon.
You worshipped Sif Muna.
Sif Muna was extremely pleased with you.
You were not hungry.

You visited 1 branch of the dungeon, and saw 9 of its levels.
You also visited: Ossuary.

You collected 417 gold pieces.

Inventory:

Hand Weapons
 a - a +1 dagger of venom (weapon)
Armour
 b - the cursed +0 robe of the Sailor (worn) {rN++ Dex+4}
   (You found it on level 6 of the Dungeon)

   It affects your dexterity (+4).
   It greatly protects you from negative energy.
   It has a curse placed upon it.
 c - a +0 hat (worn)
 g - a +0 pair of gloves (worn)
 F - a +0 cloak (worn)
Magical Staves
 n - an uncursed staff of wizardry
Jewellery
 k - an amulet of harm (around neck)
 y - a ring of positive energy (left hand)
 D - a ring of resist corrosion (right hand)
Wands
 u - a wand of random effects (47)
 x - a wand of enslavement (47)
 B - a wand of iceblast (12)
 G - a wand of paralysis (13)
 H - a wand of polymorph (14)
Scrolls
 h - 7 scrolls of remove curse {!r}
 q - 3 scrolls of teleportation {!r}
 r - a scroll of fear {!r}
 t - 3 scrolls of amnesia {!r}
 z - 4 scrolls of enchant armour {!r}
 E - a scroll of magic mapping {!r}
Potions
 e - a potion of resistance {!q, unknown}
 f - a potion of magic {!q, unknown}
 i - 2 potions of agility {!q}
 l - 4 potions of mutation {!q}
 m - a potion of flight {!q}
 p - 2 potions of heal wounds {!q}
 s - a potion of berserk rage {!q}
 w - 9 potions of curing {!q}
 C - a potion of cancellation {!q}
Comestibles
 d - 18 rations


   Skills:
 - Level 4.0 Fighting
 - Level 6.0 Dodging
 - Level 2.0 Stealth
 - Level 11.6 Spellcasting
 - Level 11.7 Conjurations
 - Level 1.2 Summonings
 - Level 0.7 Translocations
 + Level 2.3 Air Magic


You had 10 spell levels left.
You knew the following spells:

 Your Spells              Type           Power        Failure   Level  Hunger
a - Poisonous Vapours     Pois/Air       ###...       4%          2    None
b - Call Imp              Summ           ###.....     4%          2    None
c - Apportation           Tloc           ###...       4%          1    None
d - Chain Lightning       Conj/Air       #####.....   100%        8    #######
e - Mephitic Cloud        Conj/Pois/Air  ####....     2%          3    None
f - Magic Dart            Conj           ####         1%          1    None
s - Conjure Flame         Conj/Fire      #####...     1%          3    None
v - Blink                 Tloc           N/A          6%          2    None
z - Confusing Touch       Hex            ##....       5%          1    None


Dungeon Overview and Level Annotations

Branches:
Dungeon (9/15)             Temple (0/1) D:6             Orc (0/2) D:9
   Lair: D:8-11

Altars:
Ashenzari
Dithmenos
Hepliaklqana
Makhleb
Nemelex Xobeh
Okawaru
Sif Muna
Yredelemnul
Zin

Shops:
D:4 %!

Annotations:
D:5 1 runed door
D:9 Gastronok


Innate Abilities, Weirdness & Mutations

You have a beak for a mouth.
You have claws for feet.
You can fly.
You can translocate small distances at will.
You are resistant to hostile enchantments. (MR+)
Potions are less effective at restoring your health.


Message History

Casting: Poisonous Vapours (safe; 4% risk of failure)
Confirm with . or Enter, or press ? or * to list all spells.
Aiming: Poisonous Vapours (safe; 4% risk of failure)
Press: ? - help, Dir - move target cursor, f/p - Gastronok
Aim: Gastronok, wearing a runed hat (lightly wounded) Poisonous vapours surround Gastronok!
Casting: Poisonous Vapours (safe; 4% risk of failure)
Confirm with . or Enter, or press ? or * to list all spells.
Aiming: Poisonous Vapours (safe; 4% risk of failure)
Press: ? - help, Dir - move target cursor, f/p - Gastronok
Aim: Gastronok, wearing a runed hat (lightly wounded) Poisonous vapours surround Gastronok!
Casting: Poisonous Vapours (safe; 4% risk of failure)
Confirm with . or Enter, or press ? or * to list all spells.
Aiming: Poisonous Vapours (safe; 4% risk of failure)
Press: ? - help, Dir - move target cursor, f/p - Gastronok
Aim: Gastronok, wearing a runed hat (lightly wounded) Poisonous vapours surround Gastronok!
Gastronok is engulfed in poison gas.
Gastronok is poisoned.
Gastronok looks at you while chanting.
You feel yourself slow down.
Casting: Poisonous Vapours (safe; 4% risk of failure)
Confirm with . or Enter, or press ? or * to list all spells.
Aiming: Poisonous Vapours (safe; 4% risk of failure)
Press: ? - help, Dir - move target cursor, f/p - Gastronok
Aim: Gastronok, wearing a runed hat (lightly wounded, poisoned) Poisonous vapours surround Gastronok!
Gastronok is engulfed in poison gas.
Gastronok looks even sicker.
There is an open door here.
Casting: Poisonous Vapours (safe; 4% risk of failure)
Confirm with . or Enter, or press ? or * to list all spells.
You can't see any susceptible monsters within range! (Use Z to cast anyway.)
You start resting.
Casting: Poisonous Vapours (safe; 4% risk of failure)
Confirm with . or Enter, or press ? or * to list all spells.
Aiming: Poisonous Vapours (safe; 4% risk of failure)
Press: ? - help, Dir - move target cursor, f/p - Gastronok
Aim: Gastronok, wearing a runed hat (lightly wounded, poisoned) Poisonous vapours surround Gastronok!
Gastronok is engulfed in poison gas.
Gastronok looks even sicker.
Gastronok waves his eye-stalks in wide circles.
The air twists around and strikes you!
Casting: Poisonous Vapours (safe; 4% risk of failure)
Confirm with . or Enter, or press ? or * to list all spells.
Aiming: Poisonous Vapours (safe; 4% risk of failure)
Press: ? - help, Dir - move target cursor, f/p - Gastronok
Aim: Gastronok, wearing a runed hat (lightly wounded, poisoned) Poisonous vapours surround Gastronok!
Gastronok is engulfed in poison gas.
Gastronok looks even sicker.
Gastronok waves his eye-stalks in wide circles.
The air twists around and strikes you!
* * * LOW HITPOINT WARNING * * *
There is an open door here.
You start resting.
Casting: Poisonous Vapours (safe; 4% risk of failure)
Confirm with . or Enter, or press ? or * to list all spells.
Aiming: Poisonous Vapours (safe; 4% risk of failure)
Press: ? - help, Dir - move target cursor, f/p - Gastronok
Aim: Gastronok, wearing a runed hat (moderately wounded, poisoned) Poisonous vapours surround Gastronok!
Gastronok is engulfed in poison gas.
Gastronok looks even sicker.
Gastronok waves his eye-stalks in wide circles.
The air twists around and strikes you!
You die...

'### #.# #...##........)...... .#
#.###.................... ####
#...........##..........# ...#
###.##........##....##....# ...#
#...###.............##..... ...#
#.### #...................รท
...####.######..###.........###..
................####.......## ###
...###..#######.@..'.......# #
...# #.## ######...w...# # ..##
#.# #.......# ### #.# ######w##
### ###..# ### #...## #.. ###
###'##### #.. #.. #.......####..
###.. #w......#..'..


You could see Gastronok.

Vanquished Creatures
  A two-headed ogre (D:9)
  The ghost of removed the Magician, a novice GnIE of Vehumet (D:9)
  Pikel (D:5)
  Maurice (D:9)
  Joseph (D:8)
  A queen bee (D:8)
  Grinder (D:5)
  Prince Ribbit (D:9)
  3 hippogriffs
  A human (D:9)
  5 yaks (D:9)
  A warg (D:9)
  A water moccasin (D:6)
  An orc warrior (D:9)
  An ice beast (D:6)
  3 slaves (D:5)
  2 sky beasts
  3 ogres
  3 centaurs
  A bullfrog (D:9)
  A water moccasin zombie (Ossuary)
  2 scorpions
  A water moccasin skeleton (D:4)
  The ghost of Vesto the Skirmisher, a weakling HOFi (D:4)
  13 killer bees (D:8)
  A howler monkey (D:6)
  A crimson imp (D:5)
  4 jellies
  A bullfrog skeleton (D:4)
  2 hounds (D:5)
  5 orc priests
  A centaur skeleton (D:8)
  A gnoll shaman (D:7)
  An iguana (D:4)
  Jessica (D:4)
  5 worker ants
  8 orc wizards
  2 big kobold zombies (Ossuary)
  A hound zombie (D:8)
  2 mummies (Ossuary)
  10 adders
  6 gnolls
  2 howler monkey skeletons
  3 shadow imps
  6 adder zombies
  A worm (D:2)
  13 dart slugs
  4 leopard geckos
  34 orcs
  2 ball pythons
  5 giant cockroaches
  3 gnoll zombies
  12 goblins
  3 hobgoblins (D:3)
  6 jackals
  4 kobolds
  4 quokkas
  5 bats
  5 frilled lizards
  A giant cockroach zombie (D:6)
  A hobgoblin zombie (Ossuary)
  A jackal skeleton (D:4)
  6 kobold zombies (Ossuary)
  A leopard gecko skeleton (D:6)
  5 orc zombies (Ossuary)
  26 rats
256 creatures vanquished.

Vanquished Creatures (collateral kills)
  A worker ant (D:3)
  An orc (D:3)
2 creatures vanquished.

Vanquished Creatures (others)
  A kobold zombie (Ossuary)
1 creature vanquished.

Grand Total: 259 creatures vanquished

Notes
Turn   | Place    | Note
-------+----------+-------------------------------------------
     0 | D:1      | Amnesiac the Tengu Wizard began the quest for the Orb.
     0 | D:1      | Reached XP level 1. HP: 10/10 MP: 5/5
   169 | D:1      | Reached XP level 2. HP: 15/15 MP: 0/7
   960 | D:2      | Reached XP level 3. HP: 19/19 MP: 3/8
   964 | D:2      | Learned a level 2 spell: Call Imp
   967 | D:2      | Learned a level 2 spell: Blink
   971 | D:2      | Learned a level 3 spell: Conjure Flame
  1601 | D:2      | Found a sparkling altar of Nemelex Xobeh.
  1614 | D:2      | Reached skill level 5 in Conjurations
  1614 | D:2      | Reached XP level 4. HP: 16/24 MP: 6/9
  2301 | D:3      | Reached skill level 1 in Fighting
  2681 | D:3      | Gained mutation: You can fly. [Tengu growth]
  2681 | D:3      | Reached XP level 5. HP: 30/30 MP: 1/10
  3446 | D:4      | Found Mamunt's Food Boutique.
  3453 | D:4      | Got an ancient short sword
  3463 | D:4      | Identified the cursed +0 short sword "Globulus" {protect, Str+4} (You found it on level 4 of the Dungeon)
  3576 | D:4      | Found Agymuko's Distillery.
  3585 | D:4      | Reached XP level 6. HP: 6/36 MP: 3/12
  4140 | D:4      | Noticed Vesto's ghost (weakling HOFi)
  4182 | D:4      | Noticed a sky beast
  4198 | D:3      | Learned a level 3 spell: Mephitic Cloud
  4306 | D:4      | Noticed Jessica
  4311 | D:4      | Killed Jessica
  4317 | D:4      | Found a deep blue altar of Sif Muna.
  4333 | D:4      | Became a worshipper of Sif Muna the Loreminder
  4606 | D:4      | Killed a sky beast
  4606 | D:4      | Reached XP level 7. HP: 42/42 MP: 4/14
  4818 | D:4      | Killed Vesto's ghost
  5318 | D:5      | Entered Level 5 of the Dungeon
  5318 | D:5      | Found a hazy altar of Hepliaklqana.
  5403 | D:5      | Noticed Grinder
  5443 | D:5      | Killed Grinder
  5443 | D:5      | Reached skill level 5 in Dodging
  5443 | D:5      | Reached skill level 5 in Spellcasting
  5443 | D:5      | Reached XP level 8. HP: 45/48 MP: 6/17
  5719 | D:5      | You fall through a shaft for 2 floors!
  5846 | D:7      | Found a sand-covered staircase.
  5859 | D:7      | Noticed a hippogriff
  5873 | D:7      | Killed a hippogriff
  5873 | D:7      | Reached * piety under Sif Muna
  5885 | D:7      | Learned a level 1 spell: Confusing Touch
  5888 | D:7      | Learned a level 2 spell: Poisonous Vapours
  5898 | Ossuary  | Entered an ossuary
  6683 | D:5      | Found a runed door.
  6683 | D:5      | Noticed an angel
  6684 | D:5      | Found a glowing silver altar of Zin.
  6689 | D:5      | Noticed Pikel
  6722 | D:5      | Killed Pikel
  6722 | D:5      | Reached ** piety under Sif Muna
  6722 | D:5      | Reached XP level 9. HP: 50/52 MP: 1/21
  6725 | D:5      | Learned a level 1 spell: Apportation
  6727 | D:5      | Learned a level 1 spell: Magic Dart
  6745 | D:5      | Found a shadowy altar of Dithmenos.
  7298 | D:6      | Found a staircase to the Ecumenical Temple.
  7327 | D:6      | Identified a scroll of acquirement {!r}
  7475 | D:6      | Found a shattered altar of Ashenzari.
  7655 | D:6      | Gained mutation: You are resistant to hostile enchantments. (MR+) [potion of mutation]
  7655 | D:6      | Gained mutation: Potions are less effective at restoring your health. [potion of mutation]
  7655 | D:6      | Gained mutation: You can translocate small distances at will. [potion of mutation]
  8191 | D:6      | Got a twisted robe
  8202 | D:6      | Identified the cursed +0 robe of the Sailor {rN++ Dex+4} (You found it on level 6 of the Dungeon)
  8714 | D:6      | Found a burning altar of Makhleb.
  9393 | D:7      | Reached *** piety under Sif Muna
  9672 | D:7      | Found a basalt altar of Yredelemnul.
 10175 | D:8      | Noticed Joseph
 10185 | D:8      | Killed Joseph
 10185 | D:8      | Reached XP level 10. HP: 33/56 MP: 24/24
 10406 | D:8      | Reached **** piety under Sif Muna
 10639 | D:8      | Reached skill level 10 in Conjurations
 10753 | D:8      | Reached skill level 10 in Spellcasting
 10922 | D:8      | Found an iron altar of Okawaru.
 11071 | D:8      | Found a glowing silver altar of Zin.
 11412 | D:9      | Noticed removed's ghost (novice GnIE)
 11428 | D:9      | Killed removed's ghost
 11731 | D:9      | Found a staircase to the Orcish Mines.
 11787 | D:9      | Noticed Prince Ribbit
 11801 | D:9      | Killed Prince Ribbit
 11986 | D:9      | Noticed Maurice
 11992 | D:9      | Killed Maurice
 11992 | D:9      | Reached ***** piety under Sif Muna
 11992 | D:9      | Reached XP level 11. HP: 61/61 MP: 18/27
 12022 | D:9      | Noticed a two-headed ogre
 12042 | D:9      | Killed a two-headed ogre
 12042 | D:9      | Identified Sif Muna's Handbook of Frigorific Conjuration (Sif Muna gifted it to you on level 9 of the Dungeon)
 12042 | D:9      | Received a gift from Sif Muna
 12073 | D:9      | Learned a level 8 spell: Chain Lightning
 12191 | D:9      | Reached skill level 1 in Air Magic
 12326 | D:9      | Noticed Gastronok
 12361 | D:9      | Killed from afar by Gastronok

Vault maps used:
D:1:      lemuel_arrival_rhombus
D:2:      lemuel_round_altar, first_ration
D:3:      kennysheep_slugbush
D:4:      tgw_sif, serial_shops, shop, shop, minmay_rat_hole
D:5:      lemuel_round_altar, old_standard_altar, lemuel_angel_altar,
          uniq_grinder, uniq_pikel
D:6:      ashenzari_conservatory_becter, lightli_temple_of_fire,
          minmay_temple_entry_statues_pillars
D:7:      lemuel_zombie_altar_yredelemnul, nicolae_ossuary_entry_ruins
D:8:      kennysheep_mini_moat, nicolae_overflow_crystal_walls, david_nohive_1,
          minmay_misc_feat_roman, uniq_joseph
D:9:      chequers_temple_overflow_minitemple, erik_orc_4, uniq_maurice,
          uniq_prince_ribbit1, uniq_gastronok
Ossuary:  ossuary_tomb_2

Skill      XL: |  1  2  3  4  5  6  7  8  9 10 11 |
---------------+----------------------------------+-----
Conjurations   | 2 3 5 7 9 11 | 11.7
Fighting       | 2 3 4 |  4.0
Dodging        | 3 4 5 6 |  6.0
Spellcasting   | 4 5 7 9 11 | 11.6
Air Magic      | 2 |  2.3
Stealth        | |  2.0
Summonings     | |  1.2
Translocations | |  0.7

Action                   |  1- 3 |  4- 6 |  7- 9 | 10-12 || total
-------------------------+-------+-------+-------+-------++-------
Melee: Unarmed           |     4 |       |       |       ||     4
       Kick              |     1 |       |     6 |     8 ||    15
       Dagger            |       |       |    17 |    31 ||    48
       Peck              |       |       |     3 |     6 ||     9
 Fire: Hunting sling     |    33 |       |    63 |       ||    96
 Cast: Magic Dart        |    59 |   182 |   163 |    11 ||   415
       Call Imp          |       |     7 |     4 |       ||    11
       Conjure Flame     |       |     3 |    24 |     9 ||    36
       Mephitic Cloud    |       |     1 |     5 |       ||     6
       Poisonous Vapours |       |       |    90 |   116 ||   206
       Blink             |       |       |     2 |       ||     2
Invok: Divine Energy     |       |       |     1 |       ||     1
 Abil: Fly               |       |     1 |       |       ||     1
  Use: Scroll            |     3 |     1 |    13 |     6 ||    23
       Potion            |     1 |       |     6 |       ||     7
  Eat: Chunk             |     2 |     7 |    13 |     4 ||    26
       Ration            |       |     1 |     1 |     1 ||     3
Armor: Robe              |     7 |     2 |     9 |    10 ||    28
       Skin              |       |       |     7 |       ||     7
Dodge: Dodged            |    17 |    27 |   100 |    49 ||   193

Table legend:
 A = Spawn XP
 B = Non-spawn XP
 C = Spawn XP percentage of total XP
 D = Spawn monster count
 E = Non-spawn monster count
 F = Spawn count percentage of total count
 G = Total turns spent on level
                    A         B        C        D         E        F      G
               +---------+---------+-------+---------+---------+-------+---------
         Total |       0 |   10853 |   0.0 |       0 |     255 |   0.0 | 12361
               +---------+---------+-------+---------+---------+-------+---------
           D:1 |       0 |      32 |   0.0 |       0 |      19 |   0.0 |   983
           D:2 |       0 |      67 |   0.0 |       0 |      18 |   0.0 |  1497
           D:3 |       0 |     179 |   0.0 |       0 |      34 |   0.0 |  1604
           D:4 |       0 |     681 |   0.0 |       0 |      40 |   0.0 |  1458
           D:5 |       0 |    1183 |   0.0 |       0 |       9 |   0.0 |   910
           D:6 |       0 |     689 |   0.0 |       0 |      27 |   0.0 |  1679
           D:7 |       0 |     700 |   0.0 |       0 |      20 |   0.0 |  1439
           D:8 |       0 |    2310 |   0.0 |       0 |      30 |   0.0 |  1279
           D:9 |       0 |    4814 |   0.0 |       0 |      35 |   0.0 |  1040
       Ossuary |       0 |     198 |   0.0 |       0 |      23 |   0.0 |   472
               +---------+---------+-------+---------+---------+-------+---------
